AoeStats
← chenya_ko

Arabian Desert

509192129Analyzed
1v1 RM · 8d ago on Sep 25, 2026· 28m 30s· 2 players
Game mode
Random Map
Map size
Tiny (2 player)
Population
200
Speed
Normal
Resources
Standard
Victory
Conquest
Starting age
Dark Age
Ending age
Imperial Age
RankedLock teamsTeams togetherTeam positionsShared explorationLock speedFull tech treeHidden civsTurbo modeCheats
Victory
Defeat
🇹🇼 Japanese · Taiwan
1030
+15
🇹🇷 Britons · Türkiye
1018
-15
Ryanbabel
9:52 Feudal Age
11:25 Loom
12:34 Man-at-Arms
27:17 Castle Age
25:49 Double-Bit Axe
25:52 Horse Collar
26:43 Gold Mining
27:37 Crossbowman
chenya_ko
1:52 Loom
10:02 Feudal Age
10:15 Man-at-Arms
11:44 Double-Bit Axe
14:50 Fletching
17:32 Wheelbarrow
23:06 Castle Age
21:24 Gold Mining
21:17 Horse Collar
21:43 Scale Mail Armor
21:59 Forging
21:37 Arson
22:38 Padded Archer Armor
23:23 Long Swordsman
23:48 Gambesons
24:05 Squires
25:40 Iron Casting
25:43 Bow Saw
26:57 Chain Mail Armor
29:20 Hand Cart
28:53 Town Watch
Connection lost

Rejoining the realm…

Still unreachable

The connection could not be restored.

Session expired

The server has moved on; the page needs a fresh start.